 Dungeon Crawl Stone Soup version 0.28.0-53-g5a82cb258f (webtiles) character file.

Game seed: 8051234938211579054

27 Zeld the Conjurer (level 2, -3/15 HPs)
             Began as a Deep Elf Conjurer on May 24, 2022.
             Slain by a gnoll
             ... wielding a +0 spear
              (9 damage)
             ... on level 1 of the Dungeon.
             The game lasted 00:01:22 (698 turns).

Zeld the Conjurer (Deep Elf Conjurer)                Turns: 698, Time: 00:01:23

Health: -3/15      AC:  3    Str:  4    XL:     2   Next: 93%
Magic:  7/8        EV: 12    Int: 22    God:
Gold:   26         SH:  0    Dex: 13    Spells: 6/7 levels left

rFire   . . .      SeeInvis .   (no weapon)
rCold   . . .      Faith    .   (no shield)
rNeg    . . .      Spirit   .   a - +0 robe
rPois   .          Reflect  .   (no helmet)
rElec   .          Harm     .   q - +0 cloak
rCorr   .          Rampage  .   (no gloves)
Will    .....                   (no boots)
Stlth   ++........              (no amulet)
HPRegen 0.05/turn               (no ring)
MPRegen 0.11/turn               (no ring)

@: no status effects
A: no striking features
a: no special abilities


You were on level 1 of the Dungeon.
You visited 1 branch of the dungeon, and saw 1 of its levels.

You collected 26 gold pieces.

Inventory:

Armour
 a - a +0 robe (worn)
 q - a +0 cloak (worn)


   Skills:
 - Level 2.4 Dodging
 - Level 2.4 Stealth
 + Level 3.4 Spellcasting
 + Level 4.5 Conjurations
 - Level 2.0 Hexes
 * Level 1.4 Translocations


You had 6 spell levels left.
You knew the following spells:

 Your Spells              Type           Power      Damage    Failure   Level
a - Magic Dart            Conj           92%        1d7       1%          1

Your spell library contained the following spells:

 Spells                   Type           Power      Damage    Failure   Level
 Searing Ray              Conj           46%        2d6       2%          2
 Dazzling Flash           Conj/Hex       36%        N/A       10%         3
 Fulminant Prism          Conj/Hex       9%         3d7       30%         4
 Iskenderun's Mystic Bla  Conj/Tloc      16%        2d5       34%         4


Dungeon Overview and Level Annotations

Branches:
Dungeon (1/15)

Altars:


Message History

A hobgoblin comes into view.
A hobgoblin is nearby!
A hobgoblin is nearby!
Casting: Magic Dart (safe; 1% risk of failure)
Confirm with . or Enter, or press ? or * to list all spells.
Aiming: Magic Dart (safe; 1% risk of failure)
Press: ? - help, Shift-Dir - straight line, f - hobgoblin
Aim: a hobgoblin (asleep, 100% to hit)
The magic dart hits the hobgoblin.
The hobgoblin is severely wounded.
The hobgoblin shouts!
You hear an angry hiss.
You hear a shout!
Casting: Magic Dart (safe; 1% risk of failure)
Confirm with . or Enter, or press ? or * to list all spells.
Aiming: Magic Dart (safe; 1% risk of failure)
Press: ? - help, Shift-Dir - straight line, f/p - hobgoblin
Aim: a hobgoblin (severely wounded, 100% to hit)
The magic dart hits the hobgoblin.
You kill the hobgoblin!
A frilled lizard comes into view.
Unknown command.
A frilled lizard is nearby!
Search for what [Enter for "armor", or ? for help]?
Casting: Magic Dart (safe; 1% risk of failure)
Confirm with . or Enter, or press ? or * to list all spells.
You don't know that spell.
A frilled lizard is nearby!
A gnoll comes into view. It is wielding a +0 spear.
The gnoll drinks a potion.
The gnoll flickers and vanishes!
Deactivating autopickup; reactivate with Ctrl-A.
Casting: Magic Dart (safe; 1% risk of failure)
Confirm with . or Enter, or press ? or * to list all spells.
You don't know that spell.
The frilled lizard hisses angrily.
A goblin comes into view. It is wielding a +0 club.
Something hits you but does no damage.
You completely miss something. Something hits you.
You hit something but do no damage. Something hits you. Something hits you!
Ouch! That really hurt!
You die...

###.#.####..##.#######
#.'.8...P##>##..#
#.#####._.#####.#
#.######.P..8.'.#
#......####.#)###
####....#...#.#
#....#'###.#
###.##.....#
#@######## #.# #.#
.g..l.gl# ##...####
#... #.. #. #


You could see a goblin and a frilled lizard.

Vanquished Creatures
  A dart slug (D:1)
  3 endoplasms (D:1)
  A giant cockroach (D:1)
  2 goblins (D:1)
  3 hobgoblins (D:1)
  3 jackals (D:1)
  3 ball pythons (D:1)
  3 frilled lizards (D:1)
  A kobold (D:1)
  3 rats (D:1)
23 creatures vanquished.

Vanquished Creatures (others)
  A fungus (D:1)
1 creature vanquished.

Grand Total: 24 creatures vanquished

Notes
Turn   | Place    | Note
-------+----------+-------------------------------------------
     0 | D:1      | Zeld the Deep Elf Conjurer began the quest for the Orb.
     0 | D:1      | Reached XP level 1. HP: 10/10 MP: 6/6
   163 | D:1      | Reached skill level 1 in Hexes
   207 | D:1      | Reached XP level 2. HP: 15/15 MP: 6/8
   232 | D:1      | Reached skill level 1 in Translocations
   565 | D:1      | Found a faded altar of an unknown god.
   698 | D:1      | Slain by a gnoll

Illustrated notes

Levels and vault maps discovered:
D:1:      onia_arrival_mini_spirals, layout_basic,
          shapermc_ecumenical_altar_ellora

Skill      XL: |  1  2 |
---------------+-------+-----
Hexes          | 1 2 |  2.0
Translocations | 1 |  1.4
Dodging        | |  2.4
Stealth        | |  2.4
Spellcasting   | |  3.4
Conjurations   | |  4.5

Action                   || total
-------------------------++-------
Melee: Unarmed           ||     3
 Cast: Magic Dart        ||    41
Armor: Robe              ||     3
Dodge: Dodged            ||     2
